 Dungeon Crawl Stone Soup version 0.28-a0-8-g6e044cfa68 (webtiles) character file.

Game seed: 9425412139518623341

21 Sobieck the Conjurer (level 2, -1/15 HPs)
             Began as a Tengu Hedge Wizard on July 24, 2021.
             Was an Initiate of Gozag.
             Slain by an adder (4 damage)
             ... on level 2 of the Dungeon.
             The game lasted 00:03:02 (1338 turns).

Sobieck the Conjurer (Tengu Hedge Wizard)           Turns: 1338, Time: 00:03:02

Health: -1/15      AC:  2    Str: 10    XL:     2   Next: 87%
Magic:  1/7        EV: 12    Int: 14    God:    Gozag
Gold:   43         SH:  0    Dex: 13    Spells: 5/7 levels left

rFire   . . .      SeeInvis .   e - +1 war axe (vorpal) {axe}
rCold   . . .      Faith    .   (no shield)
rNeg    . . .      Spirit   .   b - +0 robe
rPois   .          Reflect  .   c - +0 hat
rElec   .          Harm     .   (no cloak)
rCorr   .          Rampage  .   (no gloves)
Will    .....                   (boots unavailable)
Stlth   ++........              (no amulet)
HPRegen 0.05/turn               (no ring)
MPRegen 0.10/turn               (no ring)

@: no status effects
A: beak, talons 3
a: Renounce Religion, Potion Petition, Call Merchant, Bribe Branch


You were on level 2 of the Dungeon.
You worshipped Gozag.
Gozag was noncommittal.
You visited 1 branch of the dungeon, and saw 3 of its levels.

You collected 69 gold pieces.
You paid 26 gold pieces to Gozag.


Innate Abilities, Weirdness & Mutations

You have a beak for a mouth.
You have claws for feet.


   Skills:
 - Level 2.1 Dodging
 - Level 2.0 Stealth
 - Level 3.0 Spellcasting
 + Level 3.7 Conjurations
 - Level 1.2 Summonings
 - Level 0.7 Translocations


You had 5 spell levels left.
You knew the following spells:

 Your Spells              Type           Power      Damage    Failure   Level
a - Magic Dart            Conj           48%        1d5       4%          1
b - Foxfire               Conj/Fire      28%        2x1d5     10%         1

Your spell library contained the following spells:

 Spells                   Type           Power      Damage    Failure   Level
 Call Imp                 Summ           5%         N/A       21%         2
 Blink                    Tloc           N/A        N/A       24%         2
 Conjure Flame            Conj/Fire      7%         6-21      30%         3
 Slow                     Hex            2%         N/A       32%         2
 Mephitic Cloud           Conj/Pois/Air  5%         N/A       36%         3
 Inner Flame              Hex/Fire       2%         N/A       54%         3
 Summon Forest            Summ/Tloc      2%         N/A       99%         5
 Summon Mana Viper        Hex/Summ       3%         N/A       99%         5
 Shadow Creatures         Summ           N/A        N/A       100%        6

Inventory:

Hand Weapons
 a - a +0 dagger {short}
 e - a +1 vorpal war axe (weapon) {axe}
   (You found it on level 1 of the Dungeon)
Missiles
 g - 20 arrows
 h - 24 sling bullets
 j - 23 stones {throwing}
 k - a throwing net {=f!fthrowing}
Armour
 b - a +0 robe (worn)
 c - a +0 hat (worn)
Scrolls
 d - 5 scrolls of teleportation {unknown}
 l - a scroll of identify {unknown}
Potions
 f - a potion of brilliance {unknown}
 i - 2 potions of flight {unknown}

Dungeon Overview and Level Annotations

Branches:
Dungeon (3/15)

Altars:
Gozag
Zin

Shops:
D:1

( #.. ..
####.###
.....# .....#
.?...#
####.....#
#........# ##
#S#####.## #.
###@vยง....#
#. #.vvv..#..#
#.##.#.##.#..
#..<..........
#..###.####.##
#..# #.# .#
##.# #.. $ #
#.. ..## ###
###


You could see an adder (ally target).


Message History

You now have 21 gold pieces (gained 7).
You see here a +0 club {mace}. ๐Ÿ˜Ž MP[+3]
Your mp is fully restored (7).
You now have 29 gold pieces (gained 8).
k - a throwing net {=f!fthrowing} You see here a +0 helmet.
A giant cockroach comes into view.
The magic dart hits the giant cockroach. ๐Ÿ˜Ž MP[-1]
You lost 1 mp, and now have 6/7 mp.
The magic dart hits the giant cockroach but does no damage. ๐Ÿ˜Ž MP[-1]
You lost 1 mp, and now have 5/7 mp.
The magic dart hits the giant cockroach.
You kill the giant cockroach! ๐Ÿ˜Ž MP[-1]
You lost 1 mp, and now have 4/7 mp.
You can't see any susceptible monsters within range! (Use Z to cast anyway.)
You now have 36 gold pieces (gained 7).
Done exploring. ๐Ÿ˜Ž MP[+3]
Your mp is fully restored (7).
Done exploring.
(D) Dungeon
Where to? (Enter - D:1, ? - help)
There is a stone staircase leading down here.
You climb downwards.
A hobgoblin comes into view.
There is a stone staircase leading up here.
The magic dart hits the hobgoblin but does no damage. ๐Ÿ˜Ž MP[-1]
You lost 1 mp, and now have 6/7 mp.
The magic dart hits the hobgoblin. ๐Ÿ˜Ž MP[-1]
You lost 1 mp, and now have 5/7 mp.
The magic dart hits the hobgoblin but does no damage.
The hobgoblin barely misses you. ๐Ÿ˜Ž MP[-1]
You lost 1 mp, and now have 4/7 mp.
You barely miss the hobgoblin. You peck the hobgoblin.
The hobgoblin hits you. x2 ๐Ÿ˜ฎ HP[-6]
You take 6 damage, and now have 9/15 hp.
MASSIVE DAMAGE!! (PAUSE)
You barely miss the hobgoblin. The hobgoblin closely misses you.
You hit the hobgoblin.
You kill the hobgoblin!
You start resting. ๐Ÿ˜ฎ HP[+1] MP[+3]
Your mp is fully restored (7).
You now have 43 gold pieces (gained 7).
There is a stone staircase leading up here.
You start resting. ๐Ÿ˜Ž HP[+5]
Your hp is fully restored (15).
l - a scroll labelled VEVIADGH SOWK An adder comes into view.
The magic dart hits the adder. ๐Ÿ˜Ž MP[-1]
You lost 1 mp, and now have 6/7 mp.
Casting: Magic Dart (safe; 4% risk of failure)
Confirm with . or Enter, or press ? or * to list all spells.
Okay, then.
The magic dart hits the adder.
The adder barely misses you.
The adder closely misses you. ๐Ÿ˜Ž MP[-1]
You lost 1 mp, and now have 5/7 mp.
The magic dart hits the adder.
The adder bites you. ๐Ÿ˜• HP[-2] MP[-1]
You take 2 damage, and now have 13/15 hp.
You lost 1 mp, and now have 4/7 mp.
The magic dart hits the adder.
The adder bites you but does no damage. ๐Ÿ˜• MP[-1]
You lost 1 mp, and now have 3/7 mp.
Unknown command.
Casting: Magic Dart (safe; 4% risk of failure)
Confirm with . or Enter, or press ? or * to list all spells.
You conjure some foxfire!
The adder bites you. x2 ๐Ÿ˜ฎ HP[-5] MP[-1]
You take 5 damage, and now have 8/15 hp.
MASSIVE DAMAGE!! (PAUSE)
You lost 1 mp, and now have 2/7 mp.
The foxfire hits the adder but does no damage.
The adder bites you.
* * * LOW HITPOINT WARNING * * *
๐Ÿ˜จ HP[-2]
You take 2 damage, and now have 6/15 hp.
Casting: Foxfire (safe; 10% risk of failure)
Confirm with . or Enter, or press ? or * to list all spells.
You conjure some foxfire!
The adder bites you.
* * * LOW HITPOINT WARNING * * *
๐Ÿ˜ฑ HP[-3] MP[-1]
You take 3 damage, and now have 3/15 hp.
You lost 1 mp, and now have 1/7 mp.
Unknown command.
Casting: Foxfire (safe; 10% risk of failure)
Confirm with . or Enter, or press ? or * to list all spells.
You conjure some foxfire!
The adder bites you.
You die...
Your body crumbles into a pile of gold.

Skill      XL: |  1  2 |
---------------+-------+-----
Conjurations   | 2 3 |  3.7
Dodging        | |  2.1
Stealth        | |  2.0
Spellcasting   | |  3.0
Summonings     | |  1.2
Translocations | |  0.7

Action                   || total
-------------------------++-------
Melee: War axe           ||    14
       Peck              ||     1
 Cast: Magic Dart        ||    31
       Foxfire           ||     3
Armor: Robe              ||    10
Dodge: Dodged            ||    13

Levels and vault maps discovered:
D:1:      matt_arrival_spirals, layout_loops_ring, serial_shops, shop
D:2:      layout_loops_cross, shapermc_ecumenical_altar_acropolis,
          minmay_box_of_dots
D:3:      layout_loops_ring, grunt_temple_overflow_gold_and_silver,
          minmay_misc_feat_ornament, patterned_corridor, uniq_robin

Notes
Turn   | Place    | Note
-------+----------+-------------------------------------------
     0 | D:1      | Sobieck the Tengu Hedge Wizard began the quest for the Orb.
     0 | D:1      | Reached XP level 1. HP: 10/10 MP: 5/5
     0 | D:1      | magus.rc [v1.9.6]
   170 | D:1      | Reached skill level 2 in Conjurations
   296 | D:1      | Reached XP level 2. HP: 7/15 MP: 4/7
   484 | D:2      | Reached skill level 3 in Conjurations
   530 | D:2      | You pick up a book of the Dryads and begin reading...
   530 | D:2      | You add the spells Summon Forest, Summon Mana Viper and
                  | Shadow Creatures to your library.
   602 | D:3      | Found a glowing silver altar of Zin.
   603 | D:3      | Found an opulent altar of Gozag.
   626 | D:3      | Became a worshipper of Gozag Ym Sagoz the Greedy
   670 | D:1      | You pick up a book of Flames and begin reading...
   670 | D:1      | You add the spells Foxfire and Inner Flame to your library.
   673 | D:1      | Learned a level 1 spell: Foxfire
   834 | D:1      | Found Danius Vush's Weapon Emporium.
  1337 | D:2      | HP: 3/15 [adder (3)]
  1338 | D:2      | Slain by an adder

Vanquished Creatures
  A dart slug (D:2)
  2 bats
  2 giant cockroaches (D:1)
  3 goblins
  3 hobgoblins
  A kobold (D:1)
  A ball python (D:1)
  2 frilled lizards (D:1)
  2 rats
17 creatures vanquished.

Vanquished Creatures (others)
  A foxfire (D:2)
  A fungus (D:2)
  A plant (D:2)
3 creatures vanquished.

Grand Total: 20 creatures vanquished

Table legend:
 A = Non-vault XP
 B = Vault XP
 C = Vault XP percentage of total XP
 D = Non-vault monster count
 E = Vault monster count
 F = Vault count percentage of total count
                 A         B        C        D         E       F
            +---------+---------+-------+---------+---------+-------
      Total |      31 |       0 |   0.0 |      17 |       0 |   0.0
            +---------+---------+-------+---------+---------+-------
        D:1 |      19 |       0 |   0.0 |      11 |       0 |   0.0
        D:2 |       9 |       0 |   0.0 |       4 |       0 |   0.0
        D:3 |       3 |       0 |   0.0 |       2 |       0 |   0.0
            +---------+---------+-------+---------+---------+-------

Illustrated notes

Table legend:
 A = Kills in this place as a percentage of kills in entire the game.
 B = Kills by you in this place as a percentage of kills by you in the entire game.
 C = Kills by friends in this place as a percentage of kills by friends in the entire game.
 D = Other kills in this place as a percentage of other kills in the entire game.
 E = Experience gained in this place as a percentage of experience gained in the entire game.
 F = Experience gained in this place divided by the number of levels of this place that you have seen.
                   A       B       C       D       E      F
               +-------+-------+-------+-------+-------+----------------------
         Total | 100.0 | 100.0 |   N/A |   N/A | 100.0 |  10.3
       Dungeon | 100.0 | 100.0 |   N/A |   N/A | 100.0 |  10.3
               +-------+-------+-------+-------+-------+----------------------

Table legend: (Time is in decaauts)
 A = Elapsed time spent in this place.
 B = Non-inter-level travel time spent in this place.
 C = Inter-level travel time spent in this place.
 D = Time resting spent in this place.
 E = Time spent auto-exploring this place.
 F = Levels seen in this place.
 G = Mean time per level.
                   A        B        C        D        E       F      G
               +--------+--------+--------+--------+--------+-----+--------+
         Total |   1347 |   1268 |     79 |    126 |    998 |   3 |  449.0 |
       Dungeon |   1347 |   1268 |     79 |    126 |    998 |   3 |  449.0 |
               +--------+--------+--------+--------+--------+-----+--------+

Top non-repeatable levels by time:
     D:1: 1029 daAuts
     D:2: 224 daAuts
     D:3: 94 daAuts
